Canucks vs Flames

Created - 28 février 2018 at 20:12

Goals
1 2 3 T
Canucks 0 0 2 2
Flames 0 1 0 1
Shots
1 2 3 T
Canucks 14 9 11 34
Flames 3 13 7 23

1st period

No Goal

Penalties :
Antoine Vermette (CGY) for Tripping (Minor) at 0:18, Alex Petrovic (VAN) for Tripping (Minor) at 16:26

2nd period

1. Flames , Mikael Backlund 17 (James van Riemsdyk 16) at 14:40

Penalties :
Kyle Palmieri (CGY) for Slashing (Minor) at 1:00, Simon Despres (VAN) for Hooking (Minor) at 5:21, Chris Kreider (VAN) for Tripping (Minor) at 7:23

3rd period

2. Canucks , Torrey Mitchell 1 (Brayden Point 7, Nathan Beaulieu 14) at 1:52
3. Canucks , Matt Duchene 19 (Evgeny Kuznetsov 34, Patrick Marleau 14) at 2:50

Penalties :
Mattias Ekholm (VAN) for Charging (Minor) at 9:52, Mikael Backlund (CGY) for Holding (Minor) at 18:11

Goalie Stats

Devan Dubnyk (VAN), 22 saves from 23 shots - (0.957), W, 34-18-9, 60:00 minutes
Andrei Vasilevskiy (CGY), 32 saves from 34 shots - (0.941), L, 18-16-3, 60:00 minutes

Players Stats for Canucks

Player Name              G  A  P  +/- PIM S  H  SB GA TA FO     MP     PP MP  PK MP  
------------------------------------------------------------------------------------
Adam Henrique            0  0  0   0  0   0  0  0  0  0  3/4     2:02   1:03   0:00 
Alex Petrovic            0  0  0   0  2   1  4  0  0  0  0/0    19:47   2:44   2:51 
Brayden Point            0  1  1   0  0   2  0  0  0  0  5/18   17:10   2:14   2:45 
Chris Kreider            0  0  0  -1  2   8  8  0  0  0  0/0    19:00   3:17   1:09 
Cody Ceci                0  0  0   0  0   0  2  1  0  0  0/0    21:36   3:06   4:06 
Erik Karlsson            0  0  0   0  0   3  0  0  0  0  0/0    25:30   2:36   3:41 
Evgeny Kuznetsov         0  1  1   1  0   3  1  0  0  0  10/18  16:04   2:29   0:00 
Jonathan Marchessault    0  0  0  -1  0   3  1  0  0  0  1/1    17:52   3:17   0:00 
Logan Shaw               0  0  0   0  0   0  1  0  0  0  0/0    10:50   0:00   1:20 
Marcus Kruger            0  0  0   0  0   2  2  0  0  0  7/14   10:50   0:00   1:20 
Matt Duchene             1  0  1   1  0   4  2  0  0  0  6/13   24:11   2:29   3:56 
Mattias Ekholm           0  0  0   0  2   0  3  1  0  0  0/0    24:01   2:40   2:41 
Nathan Beaulieu          0  1  1   1  0   0  0  1  0  0  0/0    15:51   0:26   2:33 
Patrick Marleau          0  1  1   1  0   4  1  0  0  0  0/0    14:57   2:29   1:31 
Robby Fabbri             0  0  0   0  0   1  1  0  0  0  2/13   16:15   0:00   3:51 
Ryan Strome              0  0  0   1  0   0  0  0  0  0  0/1    11:36   0:00   0:00 
Simon Despres            0  0  0   1  2   1  1  2  0  0  0/0    13:12   0:00   0:00 
Torrey Mitchell          1  0  1   1  0   2  3  0  0  0  0/0    11:16   0:00   0:00 

Players Stats for Flames

Player Name              G  A  P  +/- PIM S  H  SB GA TA FO     MP     PP MP  PK MP  
------------------------------------------------------------------------------------
Adam Lowry               0  0  0  -1  0   0  0  0  0  0  4/8     7:11   0:00   2:48 
Alec Martinez            0  0  0  -1  0   1  1  1  0  0  0/0    23:56   4:47   3:12 
Alexander Radulov        0  0  0   0  0   3  2  1  0  0  0/0    14:05   0:36   0:00 
Antoine Vermette         0  0  0  -1  2   0  0  0  0  0  16/24  20:12   4:10   1:31 
Brady Skjei              0  0  0   1  0   0  5  1  0  0  0/0    15:31   0:10   0:00 
Brandon Sutter           0  0  0   0  0   1  0  1  0  0  9/13   14:10   0:41   0:00 
Cameron Gaunce           0  0  0  -1  0   0  1  1  0  0  0/0    20:27   2:59   2:28 
Devante Smith-Pelly      0  0  0   0  0   0  0  0  0  0  0/0     0:41   0:41   0:00 
James van Riemsdyk       0  1  1   1  0   2  0  0  0  0  1/4    18:10   3:05   1:11 
Jared Spurgeon           0  0  0  -1  0   2  1  4  0  0  0/0    20:33   2:59   2:34 
Jarome Iginla            0  0  0  -1  0   0  1  0  0  0  0/0     4:23   0:00   0:00 
Jaromir Jagr             0  0  0   1  0   1  4  0  0  0  2/4    20:02   3:05   3:03 
Jordan Martinook         0  0  0   0  0   4  1  0  0  0  2/4    14:31   0:00   1:02 
Justin Faulk             0  0  0  -1  0   1  3  0  0  0  0/0    24:06   4:57   3:12 
Kyle Palmieri            0  0  0  -1  2   4  7  0  0  0  0/0    18:41   4:10   0:00 
Mikael Backlund          1  0  1   0  2   3  0  0  0  0  14/25  23:23   3:10   1:57 
Viktor Arvidsson         0  0  0  -1  0   1  0  0  0  0  0/0    18:42   4:10   0:00 
Zach Redmond             0  0  0   1  0   0  2  2  0  0  0/0    15:27   0:00   0:06 

3 Stars

1 - Torrey Mitchell (VAN)
2 - Matt Duchene (VAN)
3 - Andrei Vasilevskiy (CGY)

Power Play

Canucks - 0 on 3 Attempt(s) - 0.00%
Flames - 0 on 4 Attempt(s) - 0.00%

Penalty Kill

Canucks - 4 on 4 Attempt(s) - 100.00% - Score 0 goal in Penalty Kill
Flames - 3 on 3 Attempt(s) - 100.00% - Score 0 goal in Penalty Kill

Team Stat

Canucks - Hits : 30 - Faceoff Wins : 34 - Blocked Shots : 5 - Penalty Minutes : 8
Flames - Hits : 28 - Faceoff Wins : 48 - Blocked Shots : 11 - Penalty Minutes : 6

Official

Referees : Ghislain Hebert and Brad Meier
Linesman : Shane Heyer and Thor Nelson

Game Notes

Adam Henrique is injured at 8:17 of 1st period (Sprained Right Knee)

Finance

Level 1 -- Attendance: 6500 (100.00%) -- Ticket Income 650 000 $
Level 2 -- Attendance: 5000 (100.00%) -- Ticket Income 275 000 $
Level 3 -- Attendance: 3500 (100.00%) -- Ticket Income 140 000 $
Level 4 -- Attendance: 3055 (92.89%) -- Ticket Income 61 100 $
Luxury Box -- Attendance: 1000 (100.00%) -- Ticket Income 125 000 $
Game was played at the Scotiabank Saddledome.
Total Attendance: 19055 (98.79%)
Total Ticket Income: 1 251 100 $
Other Income: 187 665 $
Total Income: 1 438 765 $

% Time on Ice - Canucks

Lines # - Real PCT - Wanted PCT - Time Play
Normal Forward
1 - 24% - 37% - 10:57
2 - 31% - 32% - 14:35
3 - 24% - 20% - 11:16
4 - 21% - 11% - 9:30
Normal Defense
1 - 40% - 40% - 18:41
2 - 31% - 35% - 14:24
3 - 28% - 25% - 12:52
4 - 1% - 0% - 0:21
PP Forward
1 - 43% - 60% - 2:29
2 - 57% - 40% - 3:17
PP Defense
1 - 54% - 60% - 3:06
2 - 46% - 40% - 2:40
PK Forward
1 - 83% - 60% - 6:36
2 - 17% - 40% - 1:20
PK Defense
1 - 59% - 60% - 4:41
2 - 41% - 40% - 3:15
PK3 Forward
1 - 0% - 60%
2 - 0% - 40%
PK3 Defense
1 - 0% - 60%
2 - 0% - 40%
44 Forward
1 - 0% - 60%
2 - 0% - 40%
44 Defense
1 - 0% - 60%
2 - 0% - 40%
Last Minute Offensive  - 0:00
Last Minute Defensive  - 0:00
Total
Forward - 60:00
Defense - 60:00

% Time on Ice - Flames

Lines # - Real PCT - Wanted PCT - Time Play
Normal Forward
1 - 30% - 40% - 13:54
2 - 31% - 30% - 14:32
3 - 29% - 20% - 13:29
4 - 9% - 10% - 4:23
Normal Defense
1 - 34% - 40% - 15:57
2 - 32% - 30% - 15:00
3 - 33% - 20% - 15:21
4 - 0% - 10% - 0:00
PP Forward
1 - 42% - 60% - 3:20
2 - 58% - 40% - 4:36
PP Defense
1 - 62% - 60% - 4:57
2 - 38% - 40% - 2:59
PK Forward
1 - 79% - 60% - 4:35
2 - 21% - 40% - 1:11
PK Defense
1 - 55% - 60% - 3:12
2 - 45% - 40% - 2:34
PK3 Forward
1 - 0% - 60%
2 - 0% - 40%
PK3 Defense
1 - 0% - 60%
2 - 0% - 40%
44 Forward
1 - 0% - 60%
2 - 0% - 40%
44 Defense
1 - 0% - 60%
2 - 0% - 40%
Last Minute Offensive  - 0:00
Last Minute Defensive  - 0:00
Total
Forward - 60:00
Defense - 60:00

Play by Play

1st period


0:01 of 1st period - Evgeny Kuznetsov wins face-off versus Mikael Backlund in neutral zone.
0:15 of 1st period - Shot by Patrick Marleau.
0:15 of 1st period - Stopped by Andrei Vasilevskiy without a rebound.
0:16 of 1st period - Antoine Vermette wins face-off versus Adam Henrique in Flames zone.
0:18 of 1st period - Minor Penalty to Antoine Vermette for Tripping.
0:19 of 1st period - Evgeny Kuznetsov wins face-off versus Mikael Backlund in Flames zone.
0:22 of 1st period - Shot by Patrick Marleau.
0:22 of 1st period - Stopped by Andrei Vasilevskiy with a rebound.
0:24 of 1st period - Shot by Erik Karlsson.
0:24 of 1st period - Stopped by Andrei Vasilevskiy without a rebound.
0:25 of 1st period - Adam Henrique wins face-off versus James van Riemsdyk in Flames zone.
0:29 of 1st period - Jonathan Marchessault is hit by Cameron Gaunce and loses puck.
0:56 of 1st period - Shot by Jonathan Marchessault.
0:56 of 1st period - Stopped by Andrei Vasilevskiy with a rebound.
0:58 of 1st period - Shot by Alex Petrovic.
0:58 of 1st period - Shot Misses the Net.
2:38 of 1st period - Brayden Point is hit by Brady Skjei and loses puck.
2:45 of 1st period - Shot by Brayden Point.
2:45 of 1st period - Deflect By Torrey Mitchell.
2:45 of 1st period - Shot Misses the Net.
2:47 of 1st period - Shot by Simon Despres.
2:47 of 1st period - Stopped by Andrei Vasilevskiy without a rebound.
2:48 of 1st period - Marcus Kruger wins face-off versus Jordan Martinook in Flames zone.
2:48 of 1st period - Marcus Kruger is hit by Jared Spurgeon.
2:53 of 1st period - Icing by Jared Spurgeon.
2:54 of 1st period - Brandon Sutter wins face-off versus Marcus Kruger in Flames zone.
2:54 of 1st period - Alexander Radulov is hit by Marcus Kruger and loses puck.
3:08 of 1st period - Shot by Alexander Radulov.
3:08 of 1st period - Shot Misses the Net.
3:10 of 1st period - Shot by Jordan Martinook.
3:10 of 1st period - Stopped by Devan Dubnyk without a rebound.
3:11 of 1st period - Adam Henrique wins face-off versus Antoine Vermette in Canucks zone.
3:11 of 1st period - Adam Henrique is hit by Kyle Palmieri.
5:03 of 1st period - Off-side.
5:04 of 1st period - Brayden Point wins face-off versus Antoine Vermette in neutral zone.
5:20 of 1st period - Off-side.
5:21 of 1st period - Jordan Martinook wins face-off versus Marcus Kruger in neutral zone.
5:30 of 1st period - Icing by Alex Petrovic.
5:31 of 1st period - Antoine Vermette wins face-off versus Marcus Kruger in Canucks zone.
5:31 of 1st period - Antoine Vermette is hit by Alex Petrovic.
6:29 of 1st period - Brandon Sutter is hit by Alex Petrovic and loses puck.
6:45 of 1st period - Alexander Radulov is hit by Cody Ceci and loses puck.
7:33 of 1st period - Cody Ceci is hit by Zach Redmond and loses puck.
8:04 of 1st period - Cameron Gaunce is hit by Patrick Marleau and loses puck.
8:13 of 1st period - Shot by Evgeny Kuznetsov.
8:13 of 1st period - Shot Misses the Net.
8:15 of 1st period - Shot by Patrick Marleau.
8:15 of 1st period - Stopped by Andrei Vasilevskiy without a rebound.
8:16 of 1st period - Adam Henrique wins face-off versus Adam Lowry in Flames zone.
8:16 of 1st period - Adam Henrique is hit by Justin Faulk.
8:17 of 1st period - Adam Henrique from Canucks is injured at 8:17 of 1st period (Sprained Right Knee).
8:18 of 1st period - Brandon Sutter wins face-off versus Matt Duchene in Flames zone.
8:18 of 1st period - Brandon Sutter is hit by Chris Kreider.
8:27 of 1st period - Icing by Mattias Ekholm.
8:28 of 1st period - Matt Duchene wins face-off versus Adam Lowry in Canucks zone.
8:39 of 1st period - Shot by Jonathan Marchessault.
8:39 of 1st period - Stopped by Andrei Vasilevskiy with a rebound.
8:59 of 1st period - Shot by Matt Duchene.
8:59 of 1st period - Stopped by Andrei Vasilevskiy without a rebound.
9:00 of 1st period - Brandon Sutter wins face-off versus Brayden Point in Flames zone.
10:14 of 1st period - Shot by Evgeny Kuznetsov.
10:14 of 1st period - Stopped by Andrei Vasilevskiy without a rebound.
10:15 of 1st period - Antoine Vermette wins face-off versus Matt Duchene in Flames zone.
10:15 of 1st period - Antoine Vermette is hit by Chris Kreider.
10:22 of 1st period - Icing by Jared Spurgeon.
10:23 of 1st period - Matt Duchene wins face-off versus Antoine Vermette in Flames zone.
10:26 of 1st period - Shot by Matt Duchene.
10:26 of 1st period - Stopped by Andrei Vasilevskiy with a rebound.
10:28 of 1st period - Shot by Chris Kreider.
10:28 of 1st period - Shot Blocked by Cameron Gaunce.
11:17 of 1st period - Icing by Viktor Arvidsson.
11:18 of 1st period - Antoine Vermette wins face-off versus Ryan Strome in Flames zone.
11:56 of 1st period - Icing by Nathan Beaulieu.
11:57 of 1st period - Brandon Sutter wins face-off versus Brayden Point in Canucks zone.
12:00 of 1st period - Shot by Alexander Radulov.
12:00 of 1st period - Deflect By Brandon Sutter.
12:00 of 1st period - Stopped by Devan Dubnyk without a rebound.
12:01 of 1st period - Brandon Sutter wins face-off versus Matt Duchene in Canucks zone.
12:32 of 1st period - Shot by Chris Kreider.
12:32 of 1st period - Shot Misses the Net.
12:34 of 1st period - Shot by Mattias Ekholm.
12:34 of 1st period - Shot Misses the Net.
12:36 of 1st period - Shot by Chris Kreider.
12:36 of 1st period - Shot Blocked by Alexander Radulov.
12:38 of 1st period - Shot by Erik Karlsson.
12:38 of 1st period - Shot Misses the Net.
12:45 of 1st period - Icing by Brady Skjei.
12:46 of 1st period - Marcus Kruger wins face-off versus Brandon Sutter in Flames zone.
13:05 of 1st period - Shot by Logan Shaw.
13:05 of 1st period - Shot Misses the Net.
13:07 of 1st period - Shot by Robby Fabbri.
13:07 of 1st period - Shot Misses the Net.
13:09 of 1st period - Shot by Marcus Kruger.
13:09 of 1st period - Stopped by Andrei Vasilevskiy without a rebound.
13:10 of 1st period - Mikael Backlund wins face-off versus Brayden Point in Flames zone.
13:10 of 1st period - Justin Faulk is hit by Torrey Mitchell and loses puck.
13:37 of 1st period - Shot by Mikael Backlund.
13:37 of 1st period - Shot Blocked by Simon Despres.
13:47 of 1st period - Torrey Mitchell is hit by Jaromir Jagr.
14:43 of 1st period - Icing by Jared Spurgeon.
14:44 of 1st period - Antoine Vermette wins face-off versus Evgeny Kuznetsov in Flames zone.
15:21 of 1st period - Shot by Patrick Marleau.
15:21 of 1st period - Stopped by Andrei Vasilevskiy without a rebound.
15:22 of 1st period - James van Riemsdyk wins face-off versus Robby Fabbri in Flames zone.
15:30 of 1st period - Jonathan Marchessault is hit by Zach Redmond.
15:33 of 1st period - Icing by Zach Redmond.
15:34 of 1st period - Mikael Backlund wins face-off versus Matt Duchene in Flames zone.
15:34 of 1st period - Mikael Backlund is hit by Chris Kreider.
16:26 of 1st period - Minor Penalty to Alex Petrovic for Tripping.
16:27 of 1st period - Antoine Vermette wins face-off versus Robby Fabbri in Canucks zone.
18:26 of 1st period - Brayden Point is hit by Alexander Radulov and loses puck.
18:33 of 1st period - Shot by Chris Kreider.
18:33 of 1st period - Stopped by Andrei Vasilevskiy without a rebound.
18:34 of 1st period - Brandon Sutter wins face-off versus Evgeny Kuznetsov in Flames zone.
18:39 of 1st period - Shot by Jordan Martinook.
18:39 of 1st period - Shot Misses the Net.
18:41 of 1st period - Shot by Jordan Martinook.
18:41 of 1st period - Stopped by Devan Dubnyk without a rebound.
18:42 of 1st period - Evgeny Kuznetsov wins face-off versus Brandon Sutter in Canucks zone.
18:42 of 1st period - Evgeny Kuznetsov is hit by Alexander Radulov.
19:02 of 1st period - Shot by Chris Kreider.
19:02 of 1st period - Stopped by Andrei Vasilevskiy without a rebound.
19:03 of 1st period - Mikael Backlund wins face-off versus Brayden Point in Flames zone.
19:03 of 1st period - Mikael Backlund is hit by Torrey Mitchell.
19:13 of 1st period - Shot by Jaromir Jagr.
19:13 of 1st period - Shot Misses the Net.
19:41 of 1st period - Cody Ceci is hit by Brady Skjei and loses puck.
Goals for this period are 0 for Canucks vs 0 for Flames.
Shots for this period are 14 for Canucks vs 3 for Flames.

2nd period


0:01 of 2nd period - Mikael Backlund wins face-off versus Evgeny Kuznetsov in neutral zone.
0:29 of 2nd period - Shot by James van Riemsdyk.
0:29 of 2nd period - Shot Misses the Net.
1:00 of 2nd period - Minor Penalty to Kyle Palmieri for Slashing.
1:01 of 2nd period - Brayden Point wins face-off versus Mikael Backlund in Flames zone.
1:16 of 2nd period - Shot by Chris Kreider.
1:16 of 2nd period - Shot Misses the Net.
1:18 of 2nd period - Shot by Alex Petrovic.
1:18 of 2nd period - Shot Blocked by Jared Spurgeon.
1:20 of 2nd period - Shot by Cody Ceci.
1:20 of 2nd period - Shot Blocked by Jared Spurgeon.
1:30 of 2nd period - Shot by Alex Petrovic.
1:30 of 2nd period - Stopped by Andrei Vasilevskiy without a rebound.
1:31 of 2nd period - Antoine Vermette wins face-off versus Brayden Point in Flames zone.
1:31 of 2nd period - Antoine Vermette is hit by Chris Kreider.
1:47 of 2nd period - Jaromir Jagr is hit by Chris Kreider and loses puck.
2:40 of 2nd period - Shot by Evgeny Kuznetsov.
2:40 of 2nd period - Stopped by Andrei Vasilevskiy with a rebound.
2:42 of 2nd period - Shot by Patrick Marleau.
2:42 of 2nd period - Shot Misses the Net.
2:44 of 2nd period - Shot by Matt Duchene.
2:44 of 2nd period - Stopped by Andrei Vasilevskiy without a rebound.
2:45 of 2nd period - Evgeny Kuznetsov wins face-off versus James van Riemsdyk in Flames zone.
3:15 of 2nd period - Icing by Simon Despres.
3:16 of 2nd period - Marcus Kruger wins face-off versus Antoine Vermette in Canucks zone.
3:35 of 2nd period - Shot by Viktor Arvidsson.
3:35 of 2nd period - Deflect By Kyle Palmieri.
3:35 of 2nd period - Stopped by Devan Dubnyk without a rebound.
3:36 of 2nd period - Brayden Point wins face-off versus Mikael Backlund in Canucks zone.
3:36 of 2nd period - Brayden Point is hit by Jaromir Jagr.
3:43 of 2nd period - Erik Karlsson is hit by Brady Skjei and loses puck.
4:02 of 2nd period - Shot by Brayden Point.
4:02 of 2nd period - Shot Misses the Net.
4:26 of 2nd period - Shot by Evgeny Kuznetsov.
4:26 of 2nd period - Shot Misses the Net.
5:00 of 2nd period - Icing by Brady Skjei.
5:01 of 2nd period - Mikael Backlund wins face-off versus Robby Fabbri in Flames zone.
5:01 of 2nd period - Jaromir Jagr is hit by Chris Kreider and loses puck.
5:16 of 2nd period - Shot by Chris Kreider.
5:16 of 2nd period - Shot Misses the Net.
5:21 of 2nd period - Minor Penalty to Simon Despres for Hooking.
5:22 of 2nd period - Antoine Vermette wins face-off versus Robby Fabbri in Canucks zone.
5:25 of 2nd period - Shot by Alec Martinez.
5:25 of 2nd period - Shot Blocked by Cody Ceci.
6:25 of 2nd period - Shot by Brandon Sutter.
6:25 of 2nd period - Shot Hit the Post.
6:29 of 2nd period - Shot by Alexander Radulov.
6:29 of 2nd period - Stopped by Devan Dubnyk without a rebound.
6:30 of 2nd period - Marcus Kruger wins face-off versus Antoine Vermette in Canucks zone.
6:50 of 2nd period - Logan Shaw is hit by Kyle Palmieri and loses puck.
7:23 of 2nd period - Minor Penalty to Chris Kreider for Tripping.
7:24 of 2nd period - Mikael Backlund wins face-off versus Robby Fabbri in Canucks zone.
7:25 of 2nd period - Shot by Jared Spurgeon.
7:25 of 2nd period - Shot Misses the Net.
8:07 of 2nd period - Shot by Alexander Radulov.
8:07 of 2nd period - Stopped by Devan Dubnyk without a rebound.
8:08 of 2nd period - Mikael Backlund wins face-off versus Marcus Kruger in Canucks zone.
8:09 of 2nd period - Shot by Jared Spurgeon.
8:09 of 2nd period - Stopped by Devan Dubnyk without a rebound.
8:10 of 2nd period - Mikael Backlund wins face-off versus Robby Fabbri in Canucks zone.
8:13 of 2nd period - Shot by Jared Spurgeon.
8:13 of 2nd period - Stopped by Devan Dubnyk without a rebound.
8:14 of 2nd period - Antoine Vermette wins face-off versus Robby Fabbri in Canucks zone.
8:21 of 2nd period - Shot by Kyle Palmieri.
8:21 of 2nd period - Stopped by Devan Dubnyk without a rebound.
8:22 of 2nd period - Jaromir Jagr wins face-off versus Robby Fabbri in Canucks zone.
8:36 of 2nd period - Shot by Mikael Backlund.
8:36 of 2nd period - Stopped by Devan Dubnyk with a rebound.
8:46 of 2nd period - Shot by James van Riemsdyk.
8:46 of 2nd period - Stopped by Devan Dubnyk without a rebound.
8:47 of 2nd period - Antoine Vermette wins face-off versus Marcus Kruger in Canucks zone.
9:00 of 2nd period - Shot by Justin Faulk.
9:00 of 2nd period - Stopped by Devan Dubnyk without a rebound.
9:01 of 2nd period - Antoine Vermette wins face-off versus Robby Fabbri in Canucks zone.
9:10 of 2nd period - Shot by Alec Martinez.
9:10 of 2nd period - Shot Misses the Net.
9:12 of 2nd period - Shot by Viktor Arvidsson.
9:12 of 2nd period - Stopped by Devan Dubnyk without a rebound.
9:13 of 2nd period - Jaromir Jagr wins face-off versus Robby Fabbri in Canucks zone.
9:24 of 2nd period - Shot by Alexander Radulov.
9:24 of 2nd period - Shot Blocked by Nathan Beaulieu.
9:30 of 2nd period - Shot by Chris Kreider.
9:30 of 2nd period - Shot Misses the Net.
9:32 of 2nd period - Shot by Nathan Beaulieu.
9:32 of 2nd period - Shot Blocked by Brandon Sutter.
9:50 of 2nd period - Shot by Jonathan Marchessault.
9:50 of 2nd period - Deflect By Evgeny Kuznetsov.
9:50 of 2nd period - Stopped by Andrei Vasilevskiy with a rebound.
10:07 of 2nd period - Icing by Jared Spurgeon.
10:08 of 2nd period - Brandon Sutter wins face-off versus Brayden Point in Flames zone.
10:23 of 2nd period - Shot by Brayden Point.
10:23 of 2nd period - Stopped by Andrei Vasilevskiy with a rebound.
10:27 of 2nd period - Shot by Torrey Mitchell.
10:27 of 2nd period - Stopped by Andrei Vasilevskiy without a rebound.
10:28 of 2nd period - Marcus Kruger wins face-off versus Mikael Backlund in Flames zone.
10:36 of 2nd period - Icing by Alec Martinez.
10:37 of 2nd period - Mikael Backlund wins face-off versus Evgeny Kuznetsov in Flames zone.
10:50 of 2nd period - Shot by Mikael Backlund.
10:50 of 2nd period - Stopped by Devan Dubnyk without a rebound.
10:51 of 2nd period - Matt Duchene wins face-off versus Antoine Vermette in Canucks zone.
11:12 of 2nd period - Shot by Chris Kreider.
11:12 of 2nd period - Shot Misses the Net.
11:18 of 2nd period - Shot by Jonathan Marchessault.
11:18 of 2nd period - Shot Misses the Net.
11:20 of 2nd period - Shot by Matt Duchene.
11:20 of 2nd period - Shot Blocked by Alec Martinez.
12:06 of 2nd period - Shot by Jaromir Jagr.
12:06 of 2nd period - Stopped by Devan Dubnyk with a rebound.
12:08 of 2nd period - Shot by James van Riemsdyk.
12:08 of 2nd period - Deflect By Mikael Backlund.
12:08 of 2nd period - Shot Misses the Net.
13:16 of 2nd period - Shot by Robby Fabbri.
13:16 of 2nd period - Shot Misses the Net.
14:38 of 2nd period - Icing by Erik Karlsson.
14:39 of 2nd period - Mikael Backlund wins face-off versus Brayden Point in Canucks zone.
14:40 of 2nd period - Shot by James van Riemsdyk.
14:40 of 2nd period - Deflect By Mikael Backlund.
14:40 of 2nd period - Goal by Mikael Backlund - Canucks : 0 - Flames : 1.
14:41 of 2nd period - Brayden Point wins face-off versus Mikael Backlund in neutral zone.
14:48 of 2nd period - Shot by Chris Kreider.
14:48 of 2nd period - Shot Misses the Net.
14:56 of 2nd period - Shot by Brayden Point.
14:56 of 2nd period - Shot Misses the Net.
15:34 of 2nd period - Shot by Matt Duchene.
15:34 of 2nd period - Shot Misses the Net.
15:39 of 2nd period - Justin Faulk is hit by Matt Duchene and loses puck.
15:47 of 2nd period - Icing by Patrick Marleau.
15:48 of 2nd period - Adam Lowry wins face-off versus Evgeny Kuznetsov in Canucks zone.
15:48 of 2nd period - Mikael Backlund is hit by Alex Petrovic and loses puck.
15:57 of 2nd period - Evgeny Kuznetsov is hit by Jarome Iginla and loses puck.
16:03 of 2nd period - Jarome Iginla is hit by Alex Petrovic and loses puck.
16:55 of 2nd period - Shot by Chris Kreider.
16:55 of 2nd period - Stopped by Andrei Vasilevskiy without a rebound.
16:56 of 2nd period - Antoine Vermette wins face-off versus Brayden Point in Flames zone.
17:03 of 2nd period - Erik Karlsson is hit by Kyle Palmieri and loses puck.
17:27 of 2nd period - Shot by Alec Martinez.
17:27 of 2nd period - Shot Misses the Net.
17:33 of 2nd period - Shot by Erik Karlsson.
17:33 of 2nd period - Stopped by Andrei Vasilevskiy without a rebound.
17:34 of 2nd period - Jonathan Marchessault wins face-off versus Brandon Sutter in Flames zone.
17:41 of 2nd period - Shot by Jonathan Marchessault.
17:41 of 2nd period - Stopped by Andrei Vasilevskiy without a rebound.
17:42 of 2nd period - Jordan Martinook wins face-off versus Marcus Kruger in Flames zone.
18:11 of 2nd period - Jordan Martinook is hit by Robby Fabbri.
18:28 of 2nd period - Icing by Erik Karlsson.
18:29 of 2nd period - Evgeny Kuznetsov wins face-off versus Antoine Vermette in Canucks zone.
18:46 of 2nd period - Mattias Ekholm is hit by Kyle Palmieri and loses puck.
19:29 of 2nd period - Cody Ceci is hit by Jaromir Jagr and loses puck.
19:54 of 2nd period - Shot by Chris Kreider.
19:54 of 2nd period - Shot Blocked by Jared Spurgeon.
Goals for this period are 0 for Canucks vs 1 for Flames.
Shots for this period are 9 for Canucks vs 13 for Flames.

3rd period


0:01 of 3rd period - Mikael Backlund wins face-off versus Evgeny Kuznetsov in neutral zone.
0:01 of 3rd period - Jaromir Jagr is hit by Mattias Ekholm and loses puck.
0:17 of 3rd period - James van Riemsdyk is hit by Mattias Ekholm and loses puck.
0:20 of 3rd period - Shot by Mikael Backlund.
0:20 of 3rd period - Shot Blocked by Mattias Ekholm.
1:50 of 3rd period - Shot by Brayden Point.
1:50 of 3rd period - Shot Misses the Net.
1:52 of 3rd period - Shot by Torrey Mitchell.
1:52 of 3rd period - Goal by Torrey Mitchell - Canucks : 1 - Flames : 1.
1:53 of 3rd period - Brandon Sutter wins face-off versus Brayden Point in neutral zone.
2:09 of 3rd period - Shot by Jordan Martinook.
2:09 of 3rd period - Shot Misses the Net.
2:16 of 3rd period - Ryan Strome is hit by Brady Skjei and loses puck.
2:27 of 3rd period - Shot by Jordan Martinook.
2:27 of 3rd period - Deflect By Alexander Radulov.
2:27 of 3rd period - Stopped by Devan Dubnyk without a rebound.
2:28 of 3rd period - Adam Lowry wins face-off versus Evgeny Kuznetsov in Canucks zone.
2:28 of 3rd period - Alec Martinez is hit by Mattias Ekholm and loses puck.
2:37 of 3rd period - Mikael Backlund is hit by Evgeny Kuznetsov and loses puck.
2:50 of 3rd period - Shot by Matt Duchene.
2:50 of 3rd period - Goal by Matt Duchene - Canucks : 2 - Flames : 1.
2:51 of 3rd period - Antoine Vermette wins face-off versus Matt Duchene in neutral zone.
2:51 of 3rd period - Kyle Palmieri is hit by Chris Kreider and loses puck.
3:08 of 3rd period - Shot by Chris Kreider.
3:08 of 3rd period - Shot Misses the Net.
3:10 of 3rd period - Shot by Matt Duchene.
3:10 of 3rd period - Shot Blocked by Jared Spurgeon.
3:12 of 3rd period - Shot by Jonathan Marchessault.
3:12 of 3rd period - Deflect By Chris Kreider.
3:12 of 3rd period - Shot Misses the Net.
3:20 of 3rd period - Shot by Chris Kreider.
3:20 of 3rd period - Stopped by Andrei Vasilevskiy with a rebound.
3:29 of 3rd period - Kyle Palmieri is hit by Matt Duchene and loses puck.
4:13 of 3rd period - Shot by Robby Fabbri.
4:13 of 3rd period - Stopped by Andrei Vasilevskiy with a rebound.
4:36 of 3rd period - Torrey Mitchell is hit by Alec Martinez and loses puck.
4:51 of 3rd period - Shot by James van Riemsdyk.
4:51 of 3rd period - Stopped by Devan Dubnyk without a rebound.
4:52 of 3rd period - Evgeny Kuznetsov wins face-off versus Jordan Martinook in Canucks zone.
4:52 of 3rd period - Evgeny Kuznetsov is hit by Jordan Martinook.
5:18 of 3rd period - Shot by Patrick Marleau.
5:18 of 3rd period - Shot Blocked by Brady Skjei.
5:20 of 3rd period - Shot by Cody Ceci.
5:20 of 3rd period - Shot Blocked by Zach Redmond.
5:22 of 3rd period - Shot by Cody Ceci.
5:22 of 3rd period - Shot Misses the Net.
5:34 of 3rd period - Alexander Radulov is hit by Jonathan Marchessault and loses puck.
5:50 of 3rd period - Shot by Chris Kreider.
5:50 of 3rd period - Stopped by Andrei Vasilevskiy without a rebound.
5:51 of 3rd period - Brayden Point wins face-off versus Mikael Backlund in Flames zone.
6:01 of 3rd period - Off-side.
6:02 of 3rd period - Adam Lowry wins face-off versus Evgeny Kuznetsov in neutral zone.
6:28 of 3rd period - Shot by Evgeny Kuznetsov.
6:28 of 3rd period - Shot Misses the Net.
6:33 of 3rd period - Evgeny Kuznetsov is hit by Justin Faulk and loses puck.
6:37 of 3rd period - Evgeny Kuznetsov is hit by Justin Faulk and loses puck.
6:47 of 3rd period - Icing by Alec Martinez.
6:48 of 3rd period - Adam Lowry wins face-off versus Brayden Point in Flames zone.
7:19 of 3rd period - Shot by Ryan Strome.
7:19 of 3rd period - Shot Blocked by Zach Redmond.
7:23 of 3rd period - Shot by Brayden Point.
7:23 of 3rd period - Shot Misses the Net.
7:32 of 3rd period - Alexander Radulov is hit by Marcus Kruger and loses puck.
8:31 of 3rd period - Shot by Erik Karlsson.
8:31 of 3rd period - Stopped by Andrei Vasilevskiy without a rebound.
8:32 of 3rd period - Mikael Backlund wins face-off versus Matt Duchene in Flames zone.
8:34 of 3rd period - Icing by Jaromir Jagr.
8:35 of 3rd period - Matt Duchene wins face-off versus Mikael Backlund in Flames zone.
8:36 of 3rd period - Shot by Chris Kreider.
8:36 of 3rd period - Stopped by Andrei Vasilevskiy without a rebound.
8:37 of 3rd period - Matt Duchene wins face-off versus Mikael Backlund in Flames zone.
8:54 of 3rd period - Alec Martinez is hit by Chris Kreider and loses puck.
9:26 of 3rd period - Erik Karlsson is hit by Kyle Palmieri and loses puck.
9:52 of 3rd period - Minor Penalty to Mattias Ekholm for Charging.
9:53 of 3rd period - Marcus Kruger wins face-off versus Mikael Backlund in Canucks zone.
10:20 of 3rd period - Shot by Alec Martinez.
10:20 of 3rd period - Stopped by Devan Dubnyk without a rebound.
10:21 of 3rd period - Antoine Vermette wins face-off versus Robby Fabbri in Canucks zone.
10:26 of 3rd period - Shot by Kyle Palmieri.
10:26 of 3rd period - Stopped by Devan Dubnyk without a rebound.
10:27 of 3rd period - Robby Fabbri wins face-off versus Antoine Vermette in Canucks zone.
10:40 of 3rd period - Shot by Viktor Arvidsson.
10:40 of 3rd period - Deflect By Kyle Palmieri.
10:40 of 3rd period - Shot Misses the Net.
10:42 of 3rd period - Shot by Jared Spurgeon.
10:42 of 3rd period - Shot Hit the Post.
10:53 of 3rd period - Shot by Kyle Palmieri.
10:53 of 3rd period - Stopped by Devan Dubnyk without a rebound.
10:54 of 3rd period - Mikael Backlund wins face-off versus Brayden Point in Canucks zone.
11:12 of 3rd period - Icing by Mikael Backlund.
11:13 of 3rd period - Robby Fabbri wins face-off versus James van Riemsdyk in Flames zone.
11:53 of 3rd period - Icing by Jared Spurgeon.
11:54 of 3rd period - Brandon Sutter wins face-off versus Brayden Point in Flames zone.
11:54 of 3rd period - Brandon Sutter is hit by Torrey Mitchell.
13:05 of 3rd period - Shot by Jonathan Marchessault.
13:05 of 3rd period - Shot Misses the Net.
13:09 of 3rd period - Shot by Chris Kreider.
13:09 of 3rd period - Stopped by Andrei Vasilevskiy without a rebound.
13:10 of 3rd period - Marcus Kruger wins face-off versus Jaromir Jagr in Flames zone.
13:17 of 3rd period - Shot by Marcus Kruger.
13:17 of 3rd period - Stopped by Andrei Vasilevskiy without a rebound.
13:18 of 3rd period - Mikael Backlund wins face-off versus Marcus Kruger in Flames zone.
13:43 of 3rd period - Shot by Mikael Backlund.
13:43 of 3rd period - Shot Blocked by Simon Despres.
14:50 of 3rd period - Jordan Martinook is hit by Logan Shaw and loses puck.
15:04 of 3rd period - Alexander Radulov is hit by Simon Despres and loses puck.
15:17 of 3rd period - Shot by Jordan Martinook.
15:17 of 3rd period - Stopped by Devan Dubnyk without a rebound.
15:18 of 3rd period - Evgeny Kuznetsov wins face-off versus Adam Lowry in Canucks zone.
15:28 of 3rd period - Icing by Alec Martinez.
15:29 of 3rd period - Matt Duchene wins face-off versus Adam Lowry in Flames zone.
16:33 of 3rd period - Icing by Erik Karlsson.
16:34 of 3rd period - Antoine Vermette wins face-off versus Matt Duchene in Canucks zone.
16:44 of 3rd period - Jonathan Marchessault is hit by Kyle Palmieri and loses puck.
16:48 of 3rd period - Erik Karlsson is hit by Kyle Palmieri and loses puck.
17:11 of 3rd period - Shot by Brayden Point.
17:11 of 3rd period - Stopped by Andrei Vasilevskiy with a rebound.
17:13 of 3rd period - Shot by Cody Ceci.
17:13 of 3rd period - Shot Misses the Net.
17:24 of 3rd period - Jared Spurgeon is hit by Cody Ceci and loses puck.
17:46 of 3rd period - Off-side.
17:47 of 3rd period - Evgeny Kuznetsov wins face-off versus Brandon Sutter in neutral zone.
17:51 of 3rd period - Patrick Marleau is hit by Brady Skjei and loses puck.
18:06 of 3rd period - Shot by Alexander Radulov.
18:06 of 3rd period - Deflect By Jordan Martinook.
18:06 of 3rd period - Stopped by Devan Dubnyk without a rebound.
18:07 of 3rd period - Evgeny Kuznetsov wins face-off versus Mikael Backlund in Canucks zone.
18:07 of 3rd period - Erik Karlsson is hit by Jaromir Jagr and loses puck.
18:11 of 3rd period - Minor Penalty to Mikael Backlund for Holding.
18:12 of 3rd period - Evgeny Kuznetsov wins face-off versus Jaromir Jagr in Flames zone.
18:37 of 3rd period - Shot by Erik Karlsson.
18:37 of 3rd period - Shot Misses the Net.
19:33 of 3rd period - Shot by Chris Kreider.
19:33 of 3rd period - Stopped by Andrei Vasilevskiy without a rebound.
19:34 of 3rd period - Antoine Vermette wins face-off versus Brayden Point in Flames zone.
Goals for this period are 2 for Canucks vs 0 for Flames.
Shots for this period are 11 for Canucks vs 7 for Flames.